 Dungeon Crawl Stone Soup version 0.22-a0-362-g535178c (webtiles) character file.

14 4thArraOfDagon the Grave Robber (level 2, -4/11 HPs)
             Began as a Felid Necromancer on Apr 19, 2018.
             Was an Initiate of Cheibriados.
             Slain by a worm (10 damage)
             ... on level 3 of the Dungeon.
             The game lasted 00:02:39 (526 turns).

4thArraOfDagon the Grave Robber (Felid Necromancer)  Turns: 526, Time: 00:02:39

Health: -4/11      AC:  1    Str:  5    XL:     2   Next: 27%
Magic:  6/6        EV: 18    Int: 17    God:    Cheibriados [......]
Gold:   34         SH:  0    Dex: 17    Spells: 4/5 levels left
                                        Lives:  0   Deaths: 0

rFire    . . .     SeeInvis +   (weapon unavailable)
rCold    . . .     Gourm    .   (shield unavailable)
rNeg     . . .     Faith    .   (armour unavailable)
rPois    .         Spirit   .   (helmet unavailable)
rElec    .         Reflect  .   (cloak unavailable)
rCorr    .         Harm     .   (gloves unavailable)
MR       .....                  (boots unavailable)
Stlth    +++.......             (no amulet)
HPRegen  0.03/turn              (no ring)
MPRegen  0.10/turn              (no ring)

@: no status effects
A: very small, no armour, no weapons or thrown items, stealth, claws 1, fangs 3,
see invisible, carnivore, speed 1, shaggy fur 1, slow metabolism 1, sharp paws
a: Bend Time, Renounce Religion


You were on level 3 of the Dungeon.
You worshipped Cheibriados.
Cheibriados was noncommittal.
You were full.

You visited 2 branches of the dungeon, and saw 6 of its levels.

You collected 34 gold pieces.

Inventory:

Potions
 c - a potion of might
 e - a potion of curing
Comestibles
 b - 2 rations


   Skills:
 - Level 2.6 Dodging
 - Level 2.6 Stealth
 + Level 2.2 Spellcasting
 * Level 4.4 Necromancy


You had 4 spell levels left.
You knew the following spells:

 Your Spells              Type           Power        Failure   Level  Hunger
a - Pain                  Necr           ###.         3%          1    #......


Dungeon Overview and Level Annotations

Branches:
Dungeon (5/15)             Temple (1/1) D:4

Altars:
Ashenzari
Cheibriados
Dithmenos
Elyvilon
Fedhas
Gozag
Kikubaaqudgha
Makhleb
Nemelex Xobeh
Okawaru
Qazlal
Ru
Sif Muna
Trog
Uskayaw
Vehumet
Wu Jian
Xom
Yredelemnul
Zin
The Shining One


Innate Abilities, Weirdness & Mutations

You cannot wear armour.
You are incapable of wielding weapons or throwing items.
Your paws allow you to move quietly. (Stealth)
You have sharp claws.
You have razor-sharp teeth.
You have supernaturally acute eyesight. (SInv)
You are carnivorous and can eat meat at any time.
You cover ground quickly.
You are covered in fur. (AC +1)
You have a slow metabolism.
Your sharp claws are effective at attacking unaware monsters.


Message History

There is a staircase to the Ecumenical Temple here.
Unknown command.
Unknown command.
Unknown command.
Unknown command.
Unknown command.
Unknown command.
Unknown command.
Really walk into that teleport trap?
You enter a teleport trap!
The teleport trap disappears.
Your surroundings suddenly seem different.
Unknown command.
There is a stone staircase leading up here.
You climb upwards.
You hear the sound of rushing water.
There is an entrance to a sewer on this level.
Hurry and find it before the portal rusts away!
You hear the brisk rusting of a distant drain.
The worm bites you!
Ouch! That really hurt!
You die...

##...## ##########.....# #.# .#
#..............# #.. ..#
g......###.....# #.# .#.#.#
#.####.# ##...## #.# .....#
#.####.# ##.### #.# #.#.##
#......# #..... #.#
#(...###......####.#### #.#
##.....@............####
#.####.....w.#..#...###......
#...................####.####
##..###.......##.#............
##..........(####.#........####
#.....##.....# #.#.#.######
#.....###.#.## #...#.# #.....#
#...# #.....##### ##...## #.#.#
#...........


You could see a worm.

Vanquished Creatures
  A dart slug (D:2)
  2 leopard geckos (D:3)
  A bat (D:3)
  A goblin (D:2)
  A kobold (D:3)
  A quokka (D:3)
  A ball python (D:3)
  A frilled lizard (D:3)
9 creatures vanquished.

Notes
Turn   | Place    | Note
-------+----------+-------------------------------------------
     0 | D:1      | 4thArraOfDagon the Felid Necromancer began the quest for the Orb.
     0 | D:1      | Reached XP level 1. HP: 7/7 MP: 4/4
   245 | D:3      | Reached XP level 2. HP: 1/11 MP: 0/6
   382 | D:5      | Entered Level 5 of the Dungeon
   419 | D:4      | Found a staircase to the Ecumenical Temple.
   423 | D:4      | Noticed an ogre
   431 | Temple   | Entered the Ecumenical Temple
   470 | Temple   | Became a worshipper of Cheibriados the Contemplative
   526 | D:3      | Slain by a worm

Vault maps used:
D:1:      eino_arrival_water_cross
D:3:      cheibrodos_sewer_entry_drain, kennysheep_jessica_study, uniq_ijyb
D:4:      minmay_temple_entry_grid, first_ration, minivault_1, minmay_bisected
Temple:   kilobyte_greek_temple

Action                   || total
-------------------------++-------
Melee: Unarmed           ||     5
 Cast: Pain              ||    20
  Use: Potion            ||     1
       Scroll            ||     4
  Eat: Chunk             ||     3
Dodge: Dodged            ||     5

Table legend:
 A = Spawn XP
 B = Non-spawn XP
 C = Spawn XP percentage of total XP
 D = Spawn monster count
 E = Non-spawn monster count
 F = Spawn count percentage of total count
 G = Total turns spent on level
                    A         B        C        D         E        F      G
               +---------+---------+-------+---------+---------+-------+---------
         Total |       0 |      20 |   0.0 |       0 |       9 |   0.0 |   526
               +---------+---------+-------+---------+---------+-------+---------
           D:2 |       0 |       6 |   0.0 |       0 |       2 |   0.0 |   127
           D:3 |       0 |      14 |   0.0 |       0 |       7 |   0.0 |   202
               +---------+---------+-------+---------+---------+-------+---------
